 Dungeon Crawl Stone Soup version 0.30.0-17-ge0270778cf (webtiles) character file.

Game seed: 12127199244589164885

53 NateTC the Chopper (level 3, 0/31 HPs)
             Began as a Minotaur Fighter on May 21, 2023.
             Slain by an orc wizard
             ... wielding a +0 dagger
              (2 damage)
             ... on level 3 of the Dungeon.
             The game lasted 00:01:26 (1451 turns).

NateTC the Chopper (Minotaur Fighter)               Turns: 1451, Time: 00:01:27

Health: 0/31       AC:  6    Str: 22    XL:     3   Next: 62%
Magic:  2/2        EV: 14    Int:  5    God:
Gold:   62         SH:  0    Dex:  9    Spells: 2/2 levels left

rFire   . . .        a - +0 war axe
rCold   . . .        c - +0 buckler
rNeg    . . .        b - +0 scale mail
rPois   .            (helmet restricted)
rElec   .            (no cloak)
rCorr   .            (no gloves)
SInv    .            (no boots)
Will    .....        (no amulet) Stlth
                     m - ring of flight
HPRegen 0.25/turn    n - +5 ring of evasion
MPRegen 0.08/turn

%: no passive effects
@: confused, flying
A: horns 2, retaliatory headbutt
a: no special abilities


You were on level 3 of the Dungeon.
You visited 1 branch of the dungeon, and saw 3 of its levels.

You collected 62 gold pieces.

Inventory:

Hand Weapons
 a - a +0 war axe (weapon)
Armour
 b - a +0 scale mail (worn)
 c - a +0 buckler (worn)
Jewellery
 m - a ring of flight (left hand)
 n - a +5 ring of evasion (right hand)
Scrolls
 f - a scroll of torment {unknown}
 g - a scroll of blinking {unknown}
 h - a scroll of enchant weapon {unknown}
 j - 2 scrolls of poison {unknown}
 k - a scroll of teleportation {unknown}
 l - 2 scrolls of magic mapping {unknown}
 o - a scroll of brand weapon {unknown}
 q - a scroll of silence {unknown}
 r - a scroll of amnesia {unknown}
Potions
 d - a potion of might
 e - a potion of berserk rage {unknown}
 i - 2 potions of resistance {unknown}
 p - a potion of brilliance {unknown}


   Skills:
 - Level 3.6 Fighting
 * Level 4.9 Axes
 - Level 3.6 Armour
 - Level 3.6 Shields


You had 2 spell levels left.
You didn't know any spells.
Your spell library was empty.

Dungeon Overview and Level Annotations

Branches:
Dungeon (3/15) Zot: 16521

Altars:
Okawaru


Innate Abilities, Weirdness & Mutations

You have a pair of horns on your head.
You reflexively headbutt those who attack you in melee.


Message History

The rat closely misses you.
You hit the orc. You headbutt the orc.
The orc is heavily wounded.
You closely miss something. You slash the orc wizard! You hit the orc.
You barely miss the rat. The orc wizard barely misses you.
The orc hits you with a +0 club. Something completely misses you.
The orc closely misses you. The rat barely misses you.
You barely miss the orc.
The orc is severely wounded.
You barely miss the rat. You barely miss something.
You barely miss the orc wizard. You hit the orc but do no damage.
The orc wizard barely misses you. The orc misses you.
You hear some strange, mumbled words.
You are more confused.
The orc barely misses you. The rat closely misses you.
The orc wizard hits you but does no damage.
The orc barely misses you. The orc hits you with a +0 flail!
* * * LOW HITPOINT WARNING * * *
The rat bites you but does no damage. Something hits you.
* * * LOW HITPOINT WARNING * * *
You're too confused to move!
The orc wizard hits you but does no damage.
The orc closely misses you. Something hits you.
* * * LOW HITPOINT WARNING * * *
The orc barely misses you. The rat misses you.
Okay, then.
You closely miss the orc wizard. Your headbutt misses the orc wizard.
The orc wizard is heavily wounded.
You hit the orc.
You kill the orc!
You closely miss the orc. You barely miss the rat. You miss something.
The orc wizard hits you but does no damage.
Something hits you but does no damage. The orc completely misses you.
The rat misses you.
You hit the orc wizard but do no damage.
The orc wizard is heavily wounded.
You miss something. You barely miss the orc. You miss the rat.
The orc wizard barely misses you. The orc closely misses you.
Something hits you.
You die...

...................
.##................
#.###.###.##.#.##
#. #.#...##.#$#####
# #.#.#.#.........
.##.............#
.......#.#.......#
.................#
#.##....o@o.#......
........r{).# ...##
.##..#....)#....#
...................
...>..............
.##.[#.......#.#..
#..#...?...# # ...
..........
...............#


You could see an orc wizard, an orc and a rat.

Vanquished Creatures
  2 orcs (D:3)
  3 ball pythons
  4 endoplasms
  2 goblins
  6 hobgoblins
  5 quokkas
  5 bats
  5 frilled lizards
  8 kobolds
  6 rats
46 creatures vanquished.

Notes
Turn   | Place    | Note
-------+----------+-------------------------------------------
     0 | D:1      | NateTC the Minotaur Fighter began the quest for the Orb.
     0 | D:1      | Reached XP level 1. HP: 19/19 MP: 0/0
    94 | D:1      | Reached skill level 3 in Axes
   107 | D:1      | Reached XP level 2. HP: 25/26 MP: 1/1
   311 | D:1      | Reached skill level 4 in Axes
   865 | D:2      | Reached XP level 3. HP: 31/31 MP: 2/2
   891 | D:2      | Found an iron altar of Okawaru.
  1451 | D:3      | Slain by an orc wizard

Illustrated notes

Levels and vault maps discovered:
D:1:      lemuel_arrival_lava_pool, layout_basic
D:2:      layout_loops_cross, basic_altar
D:3:      layout_basic, dreamdust_wishing_well, serial_bayou_pond_a

Skill      XL: |  1  2 |
---------------+-------+-----
Axes           | 3 4 |  4.9
Fighting       | |  3.6
Armour         | |  3.6
Shields        | |  3.6

Action                     || total
---------------------------++-------
  Melee: War axe           ||    86
         Headbutt          ||    15
 Armour: Scale mail        ||    43
  Dodge: Dodged            ||    77
  Block: Buckler           ||    14
